 Dungeon Crawl Stone Soup version 0.32-a0-520-g344ed53f66 (webtiles) character file.

Game seed: 13464110003110136088

10383 Asceticacid the Basher (level 11, 0/79 HPs)
             Began as a Vine Stalker Fighter on Feb 27, 2024.
             Was a Believer of Ru.
             Slain by a wolf (2 damage)
             ... in a Gauntlet.
             The game lasted 00:17:24 (9672 turns).

Asceticacid the Basher (Vine Stalker Fighter)       Turns: 9672, Time: 00:17:24

Health: 0/79       AC: 12    Str: 19    XL:     11   Next: 61%
Magic:  0/21       EV: 11    Int:  8    God:    Ru [**....]
Gold:   806        SH:  5    Dex: 18    Spells: 10/10 levels left

rFire   + . .        m - +3 whip (flame)
rCold   . . .        c - +0 buckler
rNeg    . . .        p - +3 ring mail {rF+}
rPois   .            (no helmet)
rElec   .            (no cloak)
rCorr   .            (no gloves)
SInv    .            (no boots)
Will    +....        o - amulet of faith Stlth
                     y - ring of magical power
HPRegen 1.13/turn    r - +4 ring of protection
MPRegen 0.17/turn

%: no teleportation, inaccuracy (-5), guardian spirit, faith
@: berserking, very quick
A: fangs 3, regeneration 1, magic shield, antimagic bite, no potion heal 2, no
conjurations magic, no earth magic, no alchemy magic, missing an eye
a: Renounce Religion


You were in a Gauntlet.
You worshipped Ru.
Ru was pleased with you.
You visited 2 branches of the dungeon, and saw 13 of its levels.
You also visited: Gauntlet.

You collected 806 gold pieces.

Inventory:

Hand Weapons
 m - a +3 whip of flaming (weapon)
Missiles
 H - a curare-tipped dart (quivered)
Armour
 c - a +0 buckler (worn)
 p - a +3 ring mail of fire resistance (worn)
 x - a +0 plate armour
Jewellery
 f - a ring of willpower
 o - an amulet of faith (around neck)
 r - a +4 ring of protection (right hand)
 u - a ring of positive energy
 y - a ring of magical power (left hand)
 A - an amulet of reflection
 B - a +6 ring of strength
 I - a ring of willpower
Wands
 a - a wand of flame (25)
 F - a wand of iceblast (6)
 G - a wand of digging (6)
Scrolls
 b - a scroll of teleportation
 g - 3 scrolls of vulnerability
 h - 2 scrolls of identify
 i - 2 scrolls of noise
 j - 2 scrolls of fog
 n - 4 scrolls of immolation
 q - a scroll of enchant armour
 w - a scroll of poison
 z - a scroll of revelation
Potions
 d - 2 potions of might
 e - a potion of magic
 k - 7 potions of heal wounds
 l - 2 potions of curing
 s - 3 potions of enlightenment
 t - a potion of invisibility
 v - 2 potions of haste
 E - a potion of degeneration
Miscellaneous
 J - a sack of spiders (inert)


   Skills:
 + Level 3.7 Fighting
 - Level 12.0 Maces & Flails
 + Level 4.2 Armour
 + Level 1.3 Dodging
 + Level 3.6 Shields
 * Level 10.0 Evocations


You had 10 spell levels left.
You didn't know any spells.
Your spell library contained the following spells:

 Spells                   Type           Power      Damage    Failure   Level
 Freeze                   Ice            0%         1d3       67%         1
 Call Canine Familiar     Summ           0%         N/A       95%         3
 Frozen Ramparts          Ice            0%         1d1       95%         3
 Sigil of Binding         Hex            0%         N/A       95%         3
 Airstrike                Air            0%         2d(0-16)  100%        4
 Dimensional Bullseye     Hex/Tloc       0%         N/A       100%        4
 Summon Lightning Spire   Summ/Air       0%         N/A       100%        4
 Static Discharge         Conj/Air       Unusable   3-3/arc   N/A         2
 Hailstorm                Conj/Ice       Unusable   3d5       N/A         3

Dungeon Overview and Level Annotations

Branches:
Dungeon (12/15)            Temple (1/1) D:7            Lair (0/5) D:10
    Orc (0/2) D:9         Gauntlet (1/1)

Altars:
Ashenzari
Cheibriados
Dithmenos
Elyvilon
Fedhas
Gozag
Hepliaklqana
Kikubaaqudgha
Makhleb
Nemelex Xobeh
Okawaru
Qazlal
Ru
Sif Muna
Trog
Uskayaw
Vehumet
Wu Jian
Xom
Yredelemnul
Zin
The Shining One
Ignis

Shops:
D:4 (   D:12 =

Portals:
Trove: D:12 (give +5 demon trident)

Annotations:
Gauntlet 20 runed translucent doors, 11 transporters


Innate Abilities, Weirdness & Mutations

You have razor-sharp teeth.
Your natural rate of healing is unusually fast.
When hurt, damage is shared between your health and your magic reserves.
Your bite disrupts and absorbs the magic of your enemies.
Potions cannot restore your health.
You cannot study or cast Conjurations magic.
You cannot study or cast Earth magic.
You cannot study or cast Alchemy magic.
You are missing an eye, making it more difficult to aim.


Message History

The moth of wrath barely misses you. The wolf misses you.
You barely miss the wolf. Your bite misses the wolf.
The wolf is almost dead.
The wolf closely misses you. The wolf bites you but does no damage.
You barely miss the wolf. Your bite misses the wolf.
The wolf is almost dead.
The wolf barely misses you. The moth of wrath barely misses you.
The wolf bites you!
You hit the wolf. You burn the wolf.
The wolf is almost dead.
The wolf completely misses you. The wolf closely misses you.
The moth of wrath bites you!
* * * LOW HITPOINT WARNING * * *
The wolf misses you.
You completely miss the wolf. Your bite misses the wolf.
The wolf is almost dead.
The wolf bites you but does no damage. x2
You whack the wolf! You burn the wolf.
You kill the wolf!
The moth of wrath bites you.
* * * LOW HITPOINT WARNING * * *
The moth of wrath infuriates you!
A red film seems to cover your vision as you go berserk!
You feel yourself moving faster!
You feel mighty! The wolf bites you but does no damage.
You completely miss the wolf. Your bite misses the wolf.
The wolf is moderately wounded.
The moth of wrath bites you!
* * * LOW HITPOINT WARNING * * *
The wolf bites you.
* * * LOW HITPOINT WARNING * * *
You miss the wolf. You bite the wolf. You drain its power.
You feel invigorated.
The wolf is heavily wounded.
The wolf bites you but does no damage.
You miss the wolf. Your bite misses the wolf.
The wolf is almost dead.
The wolf bites you!
You die...
Ru respects your ultimate sacrifice.

##############
..............≈#
...............##
..###########..#ß
ß.#.#..#....#..#
#..#..#...#..# #
#..#..#..#..###
##.#..##...#.#.†#h.#.#..#ß#
#.©....#©.©#©.#.@#h.##©.#
##.#..##...#.#.h#y.#.#..#
#...##Y######..#..#..#..###
#...#.Y#...#[.#..#...#..#ß#
.#.#.YY#...#?#..#....#..###
########...###########..#
.........≈.............≈###
........§ß≈........∩...∩#ß#
.........§.§§..........≈###


You could see a moth of wrath and 3 wolves.

Vanquished Creatures
  Maggie (D:7)
  2 komodo dragons
  A troll (D:10)
  Grinder (D:5)
  20 yaks
  3 wraiths
  A shadow (D:9)
  5 wyverns
  2 basilisks (D:10)
  A steam dragon (D:9)
  4 vampire mosquitoes
  2 acid dragons
  2 black bears (D:6)
  A swamp drake (D:10)
  A sky beast (D:6)
  An orc warrior (D:6)
  An ice beast (D:5)
  2 ogres (D:12)
  4 centaurs
  2 wolves (Gauntlet)
  A kobold brigand (D:9)
  3 phantoms
  A bullfrog (D:7)
  A troll zombie (D:9)
  6 killer bees (D:9)
  2 howler monkeys
  3 bombardier beetles
  4 hounds
  6 orc priests
  Ijyb (D:4)
  3 iguanas
  7 orc wizards
  3 sleepcaps
  7 ogre zombies (D:9)
  4 gnolls (D:6)
  7 adders
  2 shadow imps
  3 ribbon worms
  4 dart slugs
  19 orcs
  5 ball pythons
  6 endoplasms
  2 giant cockroaches
  5 gnoll zombies (D:9)
  7 goblins
  4 hobgoblins
  4 quokkas
  4 bats
  8 kobolds
  4 orc skeletons (D:9)
  16 orc zombies (D:9)
  3 rats
212 creatures vanquished.

Vanquished Creatures (collateral kills)
  A two-headed ogre (D:11)
  A wraith (D:11)
  A centaur (D:11)
  An orc priest (D:11)
  An orc (D:11)
5 creatures vanquished.

Grand Total: 217 creatures vanquished

Notes
Turn   | Place    | Note
-------+----------+-------------------------------------------
     0 | D:1      | Asceticacid the Vine Stalker Fighter began the quest for
                  | the Orb.
     0 | D:1      | Reached XP level 1. HP: 11/11 MP: 2/2
   162 | D:1      | Reached skill level 2 in Maces & Flails
   178 | D:1      | Reached XP level 2. HP: 16/16 MP: 3/3
   638 | D:1      | Reached skill level 3 in Maces & Flails
   638 | D:1      | Reached XP level 3. HP: 19/19 MP: 4/4
   918 | D:2      | Reached XP level 4. HP: 19/22 MP: 5/5
  1169 | D:2      | Found a faded altar of an unknown god.
  1362 | D:2      | Reached skill level 4 in Maces & Flails
  1424 | D:3      | Found a glowing silver altar of Zin.
  1649 | D:3      | Found a stormy altar of Qazlal.
  1664 | D:3      | Reached XP level 5. HP: 27/27 MP: 6/6
  1707 | D:3      | Found a sacrificial altar of Ru.
  1759 | D:3      | Found an iron altar of Okawaru.
  1865 | D:3      | Found an ornate altar of the Wu Jian Council.
  1981 | D:3      | Found a shadowy altar of Dithmenos.
  2333 | D:4      | Found Otoampu's Antique Weapon Emporium.
  2347 | D:4      | Reached skill level 5 in Maces & Flails
  2430 | D:4      | Noticed Ijyb
  2452 | D:4      | HP: 1/27 [Ijyb/puff of flame (11)]
  2459 | D:4      | Killed Ijyb
  2460 | D:4      | Reached XP level 6. HP: 5/32 MP: 7/7
  3019 | D:5      | Entered Level 5 of the Dungeon
  3019 | D:5      | Noticed Grinder
  3175 | D:5      | Reached skill level 6 in Maces & Flails
  3305 | D:5      | Found an ancient bone altar of Kikubaaqudgha.
  3309 | D:5      | Found a burning altar of Makhleb.
  3340 | D:5      | Paralysed by Grinder for 3 turns
  3351 | D:5      | Killed Grinder
  3352 | D:5      | Reached skill level 7 in Maces & Flails
  3352 | D:5      | Reached XP level 7. HP: 32/35 MP: 8/8
  3685 | D:6      | Reached skill level 8 in Maces & Flails
  3707 | D:6      | Gained mutation: You have razor-sharp teeth. [Vine Stalker
                  | growth]
  3707 | D:6      | Reached XP level 8. HP: 30/39 MP: 6/9
  3858 | D:6      | Reached skill level 9 in Maces & Flails
  3959 | D:6      | Found a snail-covered altar of Cheibriados.
  4052 | D:6      | You fall into a shaft and drop 1 floor!
  4354 | D:8      | Reached skill level 10 in Maces & Flails
  4374 | D:8      | Reached XP level 9. HP: 11/43 MP: 2/10
  4804 | D:6      | Identified the +8 falchion "Qiluvvoa" {freeze, rF+}
  4899 | D:6      | Reached skill level 11 in Maces & Flails
  5189 | D:7      | Noticed Maggie
  5206 | D:7      | Killed Maggie
  5249 | D:7      | Found a staircase to the Ecumenical Temple.
  5338 | Temple   | Entered the Ecumenical Temple
  5529 | D:3      | Became a worshipper of Ru the Awakened
  5996 | D:8      | Reached skill level 12 in Maces & Flails
  6137 | D:9      | Reached skill level 1 in Evocations
  6548 | D:9      | Reached XP level 10. HP: 35/47 MP: 11/11
  6627 | D:9      | Found a staircase to the Orcish Mines.
  6669 | D:9      | Reached skill level 5 in Evocations
  6673 | D:9      | Gained mutation: You are missing an eye, making it more
                  | difficult to aim. [Ru sacrifice]
  6673 | D:9      | Reached * piety under Ru
  6873 | D:9      | Noticed a two-headed ogre
  6886 | D:10     | Entered Level 10 of the Dungeon
  7333 | D:9      | Noticed a catoblepas
  7734 | D:10     | Reached XP level 11. HP: 19/51 MP: 10/12
  7796 | D:10     | Found a staircase to the Lair.
  8202 | D:10     | Found a sparkling altar of Nemelex Xobeh.
  8683 | D:11     | Gained mutation: You cannot study or cast Earth magic. [Ru
                  | sacrifice]
  8683 | D:11     | Gained mutation: You cannot study or cast Alchemy magic.
                  | [Ru sacrifice]
  8683 | D:11     | Gained mutation: You cannot study or cast Conjurations
                  | magic. [Ru sacrifice]
  8683 | D:11     | Reached ** piety under Ru
  8825 | D:11     | Noticed a two-headed ogre
  8834 | D:11     | Killed a two-headed ogre
  8835 | D:11     | Reached skill level 1 in Dodging
  8837 | D:11     | Reached skill level 10 in Evocations
  9165 | D:12     | Noticed an orc knight
  9269 | D:12     | Found Peur's Jewellery Emporium.
  9288 | D:12     | Found a portal to a secret trove of treasure.
  9300 | D:12     | Found a gate leading to a gauntlet.
  9310 | Gauntlet | Entered a Gauntlet
  9310 | Gauntlet | Found a large runed translucent door.
  9310 | Gauntlet | Found a large runed translucent door.
  9310 | Gauntlet | Found a large runed translucent door.
  9310 | Gauntlet | Found a large runed translucent door.
  9310 | Gauntlet | Found a large runed translucent door.
  9310 | Gauntlet | Found a large runed translucent door.
  9310 | Gauntlet | Found a large runed translucent door.
  9310 | Gauntlet | Found a large runed translucent door.
  9310 | Gauntlet | Found a runed translucent door.
  9310 | Gauntlet | Found a runed translucent gate.
  9310 | Gauntlet | Found a transporter.
  9310 | Gauntlet | Found a transporter.
  9310 | Gauntlet | Found a runed translucent gate.
  9310 | Gauntlet | Found a transporter.
  9312 | Gauntlet | Noticed a moth of wrath
  9313 | Gauntlet | Found a transporter.
  9314 | Gauntlet | Found a transporter.
  9314 | Gauntlet | Found a transporter.
  9319 | Gauntlet | Found a runed translucent gate.
  9319 | Gauntlet | Found a runed translucent door.
  9321 | Gauntlet | Found a large runed translucent door.
  9321 | Gauntlet | Found a large runed translucent door.
  9323 | Gauntlet | Found a large runed translucent door.
  9324 | Gauntlet | Found a large runed translucent door.
  9330 | Gauntlet | Noticed a necromancer
  9330 | Gauntlet | Noticed a death yak
  9332 | Gauntlet | Found a transporter.
  9332 | Gauntlet | Noticed a death yak
  9333 | Gauntlet | Noticed a death yak
  9334 | Gauntlet | Noticed a death yak
  9336 | Gauntlet | Found a transporter.
  9336 | Gauntlet | Found a transporter.
  9336 | Gauntlet | Found a transporter.
  9339 | Gauntlet | Noticed a sixfirhy
  9342 | Gauntlet | Noticed a sixfirhy
  9342 | Gauntlet | Noticed a sixfirhy
  9342 | Gauntlet | Noticed a sixfirhy
  9342 | Gauntlet | Noticed a sixfirhy
  9342 | Gauntlet | Noticed a sixfirhy
  9352 | Gauntlet | Noticed a sixfirhy
  9354 | Gauntlet | Found a transporter.
  9365 | Gauntlet | Found a transporter.
  9479 | Gauntlet | Found a large runed translucent door.
  9479 | Gauntlet | Found a large runed translucent door.
  9480 | Gauntlet | Found a large runed translucent door.
  9670 | Gauntlet | HP: 2/79 [wolf (2)]
  9672 | Gauntlet | Slain by a wolf

Illustrated notes

Levels and vault maps discovered:
D:1:      saegor_arrival_simple_a, layout_loops_ring, minmay_misc_feat_hallway
D:2:      layout_basic, shapermc_ecumenical_altar_notcrosses
D:3:      cheibrodos_old_hovel, layout_basic, grunt_dithmenos_smoke_and_mirrors,
          mainiacjoe_overflow_chevrons, nicolae_wu_jian_glorious_leap,
          amcnicky_altar_gilded, mainiacjoe_overflow_paths, lemuel_doored_altar,
          dreamdust_wishing_well
D:4:      layout_basic, serial_shops, shop, kennysheep_big_empty_room,
          serial_bayou_pond_d, uniq_ijyb
D:5:      layout_basic, grunt_temple_overflow_open, uniq_grinder
D:6:      layout_basic, chei_slow_surprise, minmay_misc_feat_five
D:7:      layout_cave_pods, minmay_temple_entry_fiery, uniq_maggie
D:8:      layout_loops_ring, minmay_joined_circles
D:9:      minmay_slanted_spiral_squares, layout_loops_corners, zombieorc2_lemuel
D:10:     layout_rooms, nemelex_xobeh_ov_fountains_minmay, erik_lair_dragon,
          grunt_ministairs_15
D:11:     layout_basic, hangedman_decor_peaks_small
D:12:     layout_stronghold, enter_trove_0, gauntlet_entry_generic,
          serial_shops, shop, minmay_misc_feat_nine_boxes, uniq_nessos,
          uniq_rupert
Temple:   ebering_untended_altars
Gauntlet: gammafunk_gauntlet_hard_choice [gammafunk_gauntlet_arena_arrow_garden,
          minmay_gauntlet_arena_make_your_own_arena,
          gammafunk_gauntlet_arena_chambers, gammafunk_gauntlet_arena_open,
          nicolae_gauntlet_arena_grate_2, nicolae_gauntlet_arena_blocks,
          dreamdust_gauntlet_exit_labyrinth]

Skill      XL: |  1  2  3  4  5  6  7  8  9 10 11 |
---------------+----------------------------------+-----
Maces & Flails | 2 3 4 5 7 8 10 12 | 12.0
Evocations     | 3 9 10 | 10.0
Fighting       | 3 |  3.7
Armour         | 4 |  4.2
Shields        | 3 |  3.6
Dodging        | 1 |  1.3

Action                     |  1- 3 |  4- 6 |  7- 9 | 10-12 || total
---------------------------+-------+-------+-------+-------++-------
  Melee: Flail             |    68 |    36 |       |       ||   104
         Bite              |    16 |    38 |   119 |   205 ||   378
         Whip              |       |   116 |   349 |   572 ||  1037
  Throw: Dart              |       |       |       |     3 ||     3
 Invoke: Sacrifice an Eye  |       |       |       |     1 ||     1
         Sacrifice Arcana  |       |       |       |     1 ||     1
  Evoke: Wand              |       |       |     4 |     5 ||     9
         Sack of spiders   |       |       |       |     1 ||     1
    Use: Scroll            |       |     8 |       |    10 ||    18
         Potion            |       |     2 |       |       ||     2
   Stab: Paralysed         |       |       |       |     6 ||     6
         Distracted        |       |       |       |     1 ||     1
         Held in net/web   |       |       |       |     1 ||     1
 Armour: Scale mail        |    72 |    55 |       |       ||   127
         Chain mail        |       |    33 |   196 |   174 ||   403
         Ring mail         |       |       |       |    99 ||    99
         Acid dragon scale |       |       |       |     9 ||     9
  Dodge: Dodged            |    38 |    43 |    75 |   120 ||   276
         Repelled          |       |     3 |     2 |       ||     5
  Block: Buckler           |    18 |    18 |    59 |    94 ||   189

Table legend: (Time is in decaauts)
 A = Elapsed time spent in this place.
 B = Non-inter-level travel time spent in this place.
 C = Inter-level travel time spent in this place.
 D = Time resting spent in this place.
 E = Time spent auto-exploring this place.
 F = Levels seen in this place.
 G = Mean time per level.
                   A        B        C        D        E       F      G
               +--------+--------+--------+--------+--------+-----+--------+
         Total |   9307 |   8648 |    659 |    250 |   6042 |  14 |  664.8 |
       Dungeon |   8905 |   8255 |    650 |    250 |   6042 |  12 |  742.1 |
        Temple |     56 |     48 |      8 |      0 |      0 |   1 |   56.0 |
      Gauntlet |    345 |    345 |      0 |      0 |      0 |   1 |  345.0 |
               +--------+--------+--------+--------+--------+-----+--------+

Top non-repeatable levels by time:
     D:9: 1215 daAuts
    D:10: 1076 daAuts
     D:7: 967 daAuts
     D:4: 857 daAuts
     D:2: 848 daAuts
     D:3: 828 daAuts
     D:6: 700 daAuts
     D:1: 640 daAuts
    D:11: 624 daAuts
     D:5: 549 daAuts
     D:8: 484 daAuts
Gauntlet: 345 daAuts
    D:12: 112 daAuts
  Temple: 56 daAuts
